 Dungeon Crawl Stone Soup version 0.28.0-43-g3370ac3207 (webtiles) character file.

Game seed: 17164002091339236227

13335 Revguard the Priest (level 12, 0/104 HPs)
             Began as a Hill Orc Fighter on Mar 11, 2022.
             Was a Believer of Beogh.
             Slain by an orc warrior
             ... wielding a +0 dire flail
              (11 damage)
             ... on level 11 of the Dungeon.
             The game lasted 00:45:18 (15372 turns).

Revguard the Priest (Hill Orc Fighter)             Turns: 15372, Time: 00:45:19

Health: 0/104      AC: 15    Str: 28    XL:     12   Next: 4%
Magic:  19/19      EV: 11    Int:  8    God:    Beogh [**....]
Gold:   1074       SH: 10    Dex: 12    Spells: 11/11 levels left

rFire   . . .      SeeInvis +   a - +1 war axe
rCold   . . .      Faith    +   I - +0 kite shield
rNeg    . . .      Spirit   .   E - +2 scale mail {Will+}
rPois   .          Reflect  .   v - +0 helmet
rElec   .          Harm     .   u - +0 cloak
rCorr   .          Rampage  .   i - +0 pair of gloves
Will    +....                   t - +0 pair of boots
Stlth   +.........              y - amulet of faith
HPRegen 0.27/turn               n - ring of see invisible
MPRegen 0.16/turn               x - +6 ring of strength

@: mighty, studying Dodging
A: camouflage 1
a: Renounce Religion, Smiting


You were on level 11 of the Dungeon.
You worshipped Beogh.
Beogh was pleased with you.
You visited 2 branches of the dungeon, and saw 12 of its levels.

You collected 1074 gold pieces.

Inventory:

Hand Weapons
 a - a +1 war axe (weapon)
 b - a +4 battleaxe
 f - a +0 spear of venom
 g - a +2 battleaxe
 k - a +3 mace of holy wrath
 z - a +2 scimitar of flaming
Missiles
 h - 4 silver javelins (quivered)
 l - 9 boomerangs
 p - 4 poisoned darts
Armour
 i - a +0 pair of gloves (worn)
 o - a +0 troll leather armour
 t - a +0 pair of boots (worn)
 u - a +0 cloak (worn)
 v - a +0 helmet (worn)
 D - +0 acid dragon scales
 E - a +2 scale mail of willpower (worn)
 H - +0 steam dragon scales
 I - a +0 kite shield (worn)
Jewellery
 n - a ring of see invisible (left hand)
 x - a +6 ring of strength (right hand)
 y - an amulet of faith (around neck)
 G - an amulet of the acrobat
Wands
 m - a wand of iceblast (6)
 w - a wand of flame (8)
 B - a wand of polymorph (9)
Scrolls
 e - a scroll of enchant weapon
 j - 3 scrolls of immolation
 q - a scroll of brand weapon
 r - a scroll of vulnerability {unknown}
 A - a scroll of magic mapping
 C - 4 scrolls of enchant armour
 F - a scroll of fog
Potions
 s - a potion of cancellation


   Skills:
 + Level 9.3 Fighting
 + Level 9.3 Axes
 + Level 5.1 Throwing
 + Level 7.9 Armour
 + Level 6.8 Dodging
 + Level 8.7 Shields
 * Level 10.2 Invocations
 + Level 5.8 Evocations


You had 11 spell levels left.
You didn't know any spells.
Your spell library contained the following spells:

 Spells                   Type           Power      Damage    Failure   Level
 Freeze                   Ice            0%         1d3       90%         1
 Frozen Ramparts          Ice            0%         1d2       99%         3
 Gell's Gravitas          Tloc           0%         N/A       99%         3
 Inner Flame              Hex/Fire       0%         N/A       99%         3
 Lesser Beckoning         Tloc           0%         N/A       99%         3
 Teleport Other           Tloc           0%         N/A       99%         3
 Cause Fear               Hex            0%         N/A       100%        4
 Hailstorm                Conj/Ice       0%         3d3       100%        4
 Passage of Golubria      Tloc           0%         N/A       100%        4
 Silence                  Hex/Air        0%         N/A       100%        5
 Dragon Form              Tmut           0%         N/A       100%        7
 Discord                  Hex            0%         N/A       100%        8
 Lehudib's Crystal Spear  Conj/Erth      0%         10d2      100%        8
 Dragon's Call            Summ           0%         N/A       100%        9


Dungeon Overview and Level Annotations

Branches:
Dungeon (11/15)            Temple (1/1) D:4            Lair (0/6) D:11
    Orc (0/2) D:11

Altars:
Ashenzari
Cheibriados
Dithmenos
Elyvilon
Fedhas
Gozag
Hepliaklqana
Kikubaaqudgha
Makhleb
Nemelex Xobeh
Okawaru
Qazlal
Ru
Sif Muna
Trog
Uskayaw
Vehumet
Wu Jian
Xom
Yredelemnul
Zin
The Shining One

Shops:
D:2 (   D:5 ((   D:10 *

Annotations:
D:8 1 transporter
D:10 2 transporters, TheWayOfAllFlesh's ghost, journeyman VSBe


Innate Abilities, Weirdness & Mutations

Your skin changes colour to match your surroundings (Stealth+).


Message History

The troll bites you. The troll barely misses you. You block the troll's attack.
You slash the troll!
The troll is severely wounded.
The troll bites you! The troll barely misses you. You block the troll's attack.
You closely miss the troll.
The troll is severely wounded.
You block the troll's attack. The troll claws you but does no damage.
The troll claws you!
You slash the troll!
The troll is almost dead.
The troll bites you but does no damage. The troll barely misses you.
The troll claws you.
You closely miss the troll.
The troll is almost dead.
The troll bites you.
* * * LOW HITPOINT WARNING * * *
You block the troll's attack. The troll claws you but does no damage.
You slice the troll!!
You kill the troll!
Beogh accepts your kill.
The troll leather armour is intact enough to wear.
The orc warrior barely misses you.
The orc warrior hits you but does no damage.
Things that are here:
a +0 whip; 17 stones; a +0 leather armour
Items here: )) [ †.
Okay, then.
You closely miss the orc warrior.
The orc warrior hits you with a +0 dire flail!
* * * LOW HITPOINT WARNING * * *
You feel very mighty all of a sudden.
The orc warrior hits you with a +0 dire flail.
* * * LOW HITPOINT WARNING * * *
You barely miss the orc warrior.
The orc warrior hits you with a +0 dire flail!
* * * LOW HITPOINT WARNING * * *
You closely miss the orc warrior.
The orc warrior hits you with a +0 dire flail!
You die...
Beogh appreciates the orc warrior's killing of a heretic priest.

..............#
.#####..<......##
................#
######..#######.#
#..#8...8#.#
#.##.....#.#
#.##..>.o[o#
#.##.....#o#
#.##8...8#@#
#.###### #)# #.#
#.# #.# ##.#
#.#######..#
#.........##
###########


You could see 2 orc warriors.

Vanquished Creatures
  A hydra (D:11)
  A boulder beetle (D:10)
  Erica (D:8)
  2 two-headed ogres
  A death knight (D:10)
  2 cyclopes
  A manticore (D:10)
  An unseen horror (D:10)
  A komodo dragon (D:11)
  3 trolls
  A hornet (D:9)
  A merfolk (D:9)
  4 wyverns
  A shadow (D:10)
  8 yaks
  2 vampires
  A basilisk (D:11)
  2 steam dragons
  2 water moccasins
  An acid dragon (D:11)
  4 orc warriors
  A sky beast (D:7)
  A swamp drake (D:11)
  2 ice beasts
  2 black bears
  7 ogres
  2 centaurs
  A kobold brigand (D:10)
  2 bullfrogs
  3 gnoll sergeants
  2 scorpions
  A scorpion (shapeshifter) (D:11)
  A water moccasin zombie (D:5)
  A water moccasin skeleton (D:5)
  7 killer bees
  4 wights
  7 howler monkeys
  2 centaur zombies
  A centaur skeleton (D:7)
  3 hounds
  3 jellies
  3 gnoll shamans
  An orc priest (D:10)
  2 iguanas (D:7)
  2 orc wizards (D:10)
  A scorpion zombie (D:5)
  A howler monkey zombie (D:8)
  14 gnolls
  8 adders
  An ufetubus (D:5)
  4 dart slugs
  25 orcs
  7 endoplasms
  5 giant cockroaches
  7 goblins
  6 hobgoblins
  5 jackals
  7 kobolds
  A quokka (D:3)
  2 ball pythons (D:4)
  4 bats
  A frilled lizard (D:1)
  3 rats
204 creatures vanquished.

Vanquished Creatures (others)
  A troll (D:10)
  A centaur zombie (D:6)
  An orc (D:6)
3 creatures vanquished.

Grand Total: 207 creatures vanquished

Notes
Turn   | Place    | Note
-------+----------+-------------------------------------------
     0 | D:1      | Revguard the Hill Orc Fighter began the quest for the Orb.
     0 | D:1      | Reached XP level 1. HP: 19/19 MP: 1/1
   289 | D:1      | Reached XP level 2. HP: 27/27 MP: 2/2
  1074 | D:2      | Found Bitiofewn's Antique Weapon Boutique.
  1165 | D:2      | Reached XP level 3. HP: 27/33 MP: 3/3
  1351 | D:2      | Found a faded altar of an unknown god.
  1653 | D:2      | Identified a scroll of acquirement
  1653 | D:2      | Acquired 401 gold pieces
  1896 | D:3      | Reached XP level 4. HP: 35/40 MP: 4/4
  2529 | D:3      | Reached skill level 1 in Dodging
  2529 | D:3      | Reached XP level 5. HP: 9/46 MP: 5/5
  3094 | D:4      | Found a staircase to the Ecumenical Temple.
  3131 | Temple   | Entered the Ecumenical Temple
  3687 | D:4      | Reached XP level 6. HP: 43/53 MP: 6/6
  3940 | D:5      | Entered Level 5 of the Dungeon
  3948 | D:5      | Reached skill level 5 in Shields
  3959 | D:5      | Reached skill level 5 in Fighting
  3959 | D:5      | Reached skill level 5 in Axes
  3959 | D:5      | Reached skill level 1 in Evocations
  3959 | D:5      | Reached XP level 7. HP: 61/61 MP: 7/7
  4592 | D:5      | Found Duivituj's Weapon Boutique.
  4595 | D:5      | Found Myich's Antique Weapon Shoppe.
  5006 | D:5      | Reached skill level 1 in Throwing
  5006 | D:5      | Reached XP level 8. HP: 70/70 MP: 8/8
  5346 | D:6      | Became a worshipper of Beogh the Brigand
  5435 | D:6      | Reached skill level 5 in Armour
  5517 | D:6      | Reached skill level 1 in Invocations
  5905 | D:6      | Found a basalt altar of Yredelemnul.
  6029 | D:7      | Noticed a wyvern
  6038 | D:7      | Killed a wyvern
  6039 | D:7      | Reached skill level 2 in Invocations
  6329 | D:7      | Reached skill level 3 in Invocations
  6330 | D:7      | Reached XP level 9. HP: 28/78 MP: 11/11
  7044 | D:7      | Reached skill level 4 in Invocations
  7049 | D:7      | Reached * piety under Beogh
  7712 | D:7      | Acquired a manual of Dodging
  8714 | D:8      | Reached skill level 5 in Invocations
  8978 | D:8      | Noticed a cyclops
  8984 | D:8      | Killed a cyclops
  8985 | D:8      | Reached skill level 6 in Invocations
  8985 | D:8      | Reached XP level 10. HP: 39/88 MP: 14/14
  9227 | D:8      | Found a transporter.
  9233 | D:8      | Found a transporter.
  9259 | D:8      | Noticed Erica
  9259 | D:8      | Found a transporter.
  9259 | D:8      | Found a transporter.
  9259 | D:8      | Found a transporter.
  9266 | D:8      | Killed Erica
  9275 | D:8      | Found a transporter.
  9956 | D:9      | Reached skill level 7 in Invocations
 10348 | D:9      | Reached skill level 5 in Dodging
 11174 | D:10     | Entered Level 10 of the Dungeon
 11188 | D:10     | Reached ** piety under Beogh
 11291 | D:10     | Found a transporter.
 11296 | D:10     | Noticed a tengu warrior
 11297 | D:10     | Noticed TheWayOfAllFlesh's ghost (journeyman VSBe)
 11325 | D:10     | Found Ruamnuu's Island Escapes.
 11352 | D:10     | Found a transporter.
 11696 | D:10     | Noticed an unseen horror
 11718 | D:10     | Killed an unseen horror
 11719 | D:10     | Reached skill level 8 in Invocations
 12392 | D:10     | Reached XP level 11. HP: 18/95 MP: 17/17
 12782 | D:10     | Noticed a two-headed ogre
 12794 | D:10     | Paralysed by a kobold brigand for 6 turns
 13007 | D:10     | Killed a two-headed ogre
 13040 | D:10     | Noticed a manticore
 13045 | D:10     | Noticed a death knight
 13045 | D:10     | Noticed a cyclops
 13047 | D:10     | Noticed a boulder beetle
 13050 | D:10     | Killed a death knight
 13051 | D:10     | Reached skill level 5 in Evocations
 13125 | D:10     | Killed a manticore
 13126 | D:10     | Reached skill level 9 in Invocations
 13443 | D:10     | Killed a cyclops
 13618 | D:10     | Killed a boulder beetle
 13776 | D:10     | Gained mutation: You occasionally shout uncontrollably at
                  | your foes. [potion of mutation]
 13776 | D:10     | Lost mutation: You occasionally shout uncontrollably at
                  | your foes. [potion of mutation]
 13776 | D:10     | Gained mutation: Your skin changes colour to match your
                  | surroundings (Stealth+). [potion of mutation]
 13835 | D:11     | Noticed a four-headed hydra
 13860 | D:11     | Killed a four-headed hydra
 14395 | D:11     | Found a staircase to the Lair.
 14416 | D:11     | Reached skill level 5 in Throwing
 14887 | D:11     | Noticed a two-headed ogre
 14913 | D:11     | Killed a two-headed ogre
 14914 | D:11     | Reached skill level 10 in Invocations
 15208 | D:11     | Reached XP level 12. HP: 86/104 MP: 19/19
 15355 | D:11     | Found a staircase to the Orcish Mines.
 15372 | D:11     | Slain by an orc warrior

Illustrated notes

Levels and vault maps discovered:
D:1:      wander_arrival_abandoned_jail, layout_basic,
          chequers_serial_rivers_micro_c
D:2:      layout_rooms, ebering_ecumenical_altar_hall, serial_shops,
          nicolae_shop_crystal, grunt_decor_one_mirror, minmay_liquid_box
D:3:      layout_loops_ring
D:4:      layout_basic, minmay_temple_entry_offerings,
          chequers_serial_rivers_small_3
D:5:      layout_basic, nicolae_wooded_promenade,
          hangedman_decor_clover_reticule
D:6:      layout_basic, lemuel_tele_altar
D:7:      nicolae_BIG_FREAKIN_CUBE, layout_loops_ring, nrook_mini_backslash
D:8:      minmay_skewed_foursquare, layout_basic, serial_nicolae_subway,
          nicolae_sub_station_metal, nicolae_sub_station_stone,
          nicolae_sub_station_crystal, uniq_erica
D:9:      layout_basic, amcnicky_mini_pool_small, hangedman_fish_farm
D:10:     minmay_chambers_of_sevens, layout_small_grid, nzn_ghost_randoct,
          nicolae_sextant, dk_noncrumbling_2, nicolae_island_escapes
D:11:     layout_rooms, erik_lair_dragon,
          kennysheep_orc_monster_closet_entryway, minmay_misc_feat_tiny,
          hex_large
Temple:   kilobyte_greek_temple

Skill      XL: |  1  2  3  4  5  6  7  8  9 10 11 |
---------------+----------------------------------+-----
Axes           | 3 4 5 6 7 8 9 |  9.3
Shields        | 4 5 6 7 8 |  8.7
Fighting       | 4 5 6 7 8 9 |  9.3
Dodging        | 1 2 4 5 6 |  6.8
Armour         | 4 5 6 7 |  7.9
Evocations     | 1 2 3 4 5 |  5.8
Throwing       | 1 2 3 4 5 |  5.1
Invocations    | 3 6 8 10 | 10.2

Action                   |  1- 3 |  4- 6 |  7- 9 | 10-12 || total
-------------------------+-------+-------+-------+-------++-------
Melee: War axe           |    88 |    93 |   236 |   293 ||   710
       Mace              |       |       |       |    10 ||    10
Throw: Javelin           |       |     6 |     8 |    22 ||    36
       Throwing net      |       |       |       |     2 ||     2
       Dart              |       |       |       |     5 ||     5
       Boomerang         |       |       |       |     2 ||     2
Invok: Convert to Beogh  |       |       |     1 |       ||     1
       Smiting           |       |       |       |     3 ||     3
Evoke: Wand              |       |       |     7 |    33 ||    40
  Use: Scroll            |     5 |     3 |     3 |     6 ||    17
       Potion            |       |     1 |     8 |     8 ||    17
 Stab: Held in net/web   |       |       |       |     1 ||     1
       Paralysed         |       |       |       |    12 ||    12
Armor: Scale mail        |    38 |    49 |    42 |   203 ||   332
       Chain mail        |       |       |    87 |       ||    87
       Skin              |       |       |    26 |       ||    26
Dodge: Dodged            |    45 |    48 |   136 |   204 ||   433
Block: Buckler           |    18 |    21 |   104 |   122 ||   265
       Kite shield       |       |       |       |    14 ||    14
